AoeStats
← Urahara

Black Forest

508940165Analyzed
4v4 RM · 9d ago on Sep 24, 2026· 16m 33s· 8 players
Game mode
Random Map
Map size
Large (8 player)
Population
200
Speed
Normal
Resources
Standard
Victory
Conquest
Starting age
Dark Age
Ending age
Imperial Age
RankedLock teamsTeams togetherTeam positionsShared explorationLock speedFull tech treeHidden civsTurbo modeCheats
Victory
Defeat
🇦🇷 Spanish · Argentina
1410
+9
🇨🇳 Bohemians · China
1326
+12
🇨🇳 Mongols · China
1224
+16
🇨🇳 Danes · China
903
+28
🇦🇷 Hindustanis · Argentina
1255
-18
🇨🇴 Danes · Colombia
1224
-16
🇲🇽 Turks · Mexico
1207
-16
🇺🇸 Britons · United States
1201
-15
83716497273
11:35 Feudal Age
15:36 Castle Age
14:13 Double-Bit Axe
14:55 Horse Collar
2307972140
11:03 Feudal Age
14:19 Castle Age
12:08 Double-Bit Axe
12:28 Horse Collar
15:23 Bow Saw
15:18 Heavy Plow
16:42 Loom
La Hire
5:17 Loom
9:41 Feudal Age
12:01 Double-Bit Axe
14:45 Castle Age
12:40 Horse Collar
FM
0:35 Loom
15:30 Feudal Age
16:57 Double-Bit Axe
KOBU ︻芫 ———
0:48 Loom
12:43 Feudal Age
14:15 Double-Bit Axe
16:38 Castle Age
14:45 Horse Collar
Sun Tzu
0:50 Loom
12:10 Feudal Age
16:02 Castle Age
14:17 Double-Bit Axe
14:18 Horse Collar
15:16 Fletching
Urahara
1:00 Loom
12:56 Feudal Age
GhosTSnihsa
11:57 Feudal Age
12:51 Double-Bit Axe
12:52 Horse Collar
15:27 Castle Age
13:58 Gold Mining
16:18 Bow Saw
Connection lost

Rejoining the realm…

Still unreachable

The connection could not be restored.

Session expired

The server has moved on; the page needs a fresh start.